 Seeded DCSS version 0.29-a0-8-g0446c0dae4 (webtiles) character file.

Game seed: 18034371322628028886 (custom seed)

51 innerfire433 the Firebug (level 3, 0/26 HPs)
             Began as a Draconian Fire Elementalist on Jan 27, 2022.
             Was a High Priest of Ignis.
             Slain by a scorpion (2 damage)
             ... on level 2 of the Dungeon.
             The game lasted 00:04:28 (919 turns).

innerfire433 the Firebug (DrFE)                      Turns: 919, Time: 00:04:29

Health: 0/26       AC:  5    Str: 12    XL:     3   Next: 57%
Magic:  0/6        EV: 12    Int: 15    God:    Ignis [*****.]
Gold:   23         SH:  0    Dex: 11    Spells: 5/6 levels left

rFire   + . .      SeeInvis .   d - staff of conjuration
rCold   . . .      Faith    .   (no shield)
rNeg    . . .      Spirit   .   (armour unavailable)
rPois   +          Reflect  .   (helmet restricted)
rElec   .          Harm     .   (no cloak)
rCorr   .          Rampage  .   (no gloves)
Will    .....                   (no boots)
Stlth   ++........              (no amulet)
HPRegen 0.08/turn               g - ring of poison resistance
MPRegen 0.10/turn               (no ring)

@: no status effects
A: AC +5, unfitting armour, cold-blooded
a: Renounce Religion, Fiery Armour, Foxfire Swarm, Rising Flame


You were on level 2 of the Dungeon.
You worshipped Ignis.
Ignis was extremely pleased with you.
You visited 1 branch of the dungeon, and saw 2 of its levels.

You collected 23 gold pieces.

Inventory:

Hand Weapons
 c - a +0 vampiric long sword
Magical Staves
 d - a staff of conjuration (weapon)
Jewellery
 g - a ring of poison resistance (left hand)
Scrolls
 a - a scroll of fog {unknown}
 b - a scroll of amnesia {unknown}
 f - a scroll of identify {unknown}


   Skills:
 * Level 1.1 Long Blades
 - Level 1.8 Dodging
 - Level 1.8 Stealth
 + Level 2.4 Spellcasting
 * Level 2.0 Conjurations
 * Level 3.4 Fire Magic


You had 5 spell levels left.
You knew the following spells:

 Your Spells              Type           Power      Damage    Failure   Level
a - Foxfire               Conj/Fire      60%        2x1d7     7%          1

Your spell library contained the following spells:

 Spells                   Type           Power      Damage    Failure   Level
 Scorch                   Fire           24%        2d6       8%          2
 Conjure Flame            Conj/Fire      15%        6-21      21%         3
 Static Discharge         Conj/Air       7%         N/A       22%         2
 Inner Flame              Hex/Fire       7%         N/A       30%         3
 Flame Wave               Conj/Fire      15%        2d6       56%         4
 Lightning Bolt           Conj/Air       3%         1d15      98%         5
 Maxwell's Capacitive Co  Air            0%         ∞         100%        8


Dungeon Overview and Level Annotations

Branches:
Dungeon (1/15)

Altars:
Ignis


Innate Abilities, Weirdness & Mutations

Your plain brown scales are hard. (AC +5)
You cannot fit into any form of body armour.
You are cold-blooded and may be slowed by cold attacks.


Message History

You barely miss the scorpion.
The hobgoblin shouts!
Your tail-slap misses the scorpion.
The scorpion is heavily wounded.
The scorpion barely misses you. The scorpion closely misses you.
You hit the scorpion but do no damage.
The scorpion is heavily wounded.
The scorpion stings you.
You closely miss the scorpion.
The scorpion is heavily wounded.
The scorpion stings you.
The scorpion stings you but does no damage.
The scorpion closely misses you.
Casting: Foxfire (safe; 7% risk of failure)
Confirm with . or Enter, or press ? or * to list all spells.
You feel a surge of power!
You conjure some foxfire!
The scorpion stings you.
You are lethally poisoned!
The scorpion poisons you! The hobgoblin barely misses you.
The scorpion completely misses you.
Your foxfire dissipates!
* * * LOW HITPOINT WARNING * * *
You feel very sick.
The foxfire hits the hobgoblin.
The hobgoblin is heavily wounded.
The hobgoblin drinks a potion.
The hobgoblin is healed!
Found an escape hatch in the floor.
* * * LOW HITPOINT WARNING * * *
You feel sick.
You feel better. The scorpion stings you.
* * * LOW HITPOINT WARNING * * *
You feel better. The scorpion stings you.
* * * LOW HITPOINT WARNING * * *
The hobgoblin hits you.
* * * LOW HITPOINT WARNING * * *
The scorpion misses you.
Casting: Foxfire (safe; 7% risk of failure)
Confirm with . or Enter, or press ? or * to list all spells.
You feel a surge of power!
You conjure some foxfire!
The hobgoblin closely misses you. The scorpion stings you.
You die...

#.# #. #......#.# #.
#......#.# #.
####+##..... #.# #.
#.........# #.# #. ###
#.........# #.# #.
....#.........####.####.
.>..'.vvg....!..........
#..@s......#........
##########.#.#.....#
#.#†####### #.#.# #
#.#.# # #.... ...##
..#.# #... ..#. #.## #


You could see a scorpion and a hobgoblin (ally target).

Vanquished Creatures
  A gnoll (D:1)
  An adder (D:2)
  2 dart slugs (D:1)
  3 endoplasms
  2 giant cockroaches (D:1)
  4 hobgoblins
  4 ball pythons
  3 bats (D:1)
  A frilled lizard (D:2)
  2 goblins (D:1)
  4 kobolds
  A rat (D:1)
28 creatures vanquished.

Vanquished Creatures (others)
  64 foxfires
  2 plants (D:1)
66 creatures vanquished.

Grand Total: 94 creatures vanquished

Notes
Turn   | Place    | Note
-------+----------+-------------------------------------------
     0 | D:1      | innerfire433 the Draconian Fire Elementalist began the
                  | quest for the Orb.
     0 | D:1      | Reached XP level 1. HP: 14/14 MP: 3/3
   191 | D:1      | Reached XP level 2. HP: 18/20 MP: 1/5
   336 | D:1      | Found a faded altar of an unknown god.
   340 | D:1      | Prayed at the altar of an unknown god.
   340 | D:1      | Became a worshipper of Ignis, the Dying Flame
   527 | D:1      | Reached XP level 3. HP: 13/26 MP: 1/6
   743 | D:1      | You fall into a shaft and drop 1 floor!
   767 | D:2      | Reached skill level 1 in Long Blades
   897 | D:2      | Noticed a scorpion
   919 | D:2      | Slain by a scorpion

Illustrated notes

Levels and vault maps discovered:
D:1:      dpeg_arrival_snail, layout_rooms,
          shapermc_ecumenical_altar_mp_ritualfount
D:2:      layout_basic, serial_shops, shop

Skill      XL: |  1  2  3 |
---------------+----------+-----
Conjurations   | 2 |  2.0
Long Blades    | 1 |  1.1
Dodging        | |  1.8
Stealth        | |  1.8
Spellcasting   | |  2.4
Fire Magic     | |  3.4

Action                   || total
-------------------------++-------
Melee: Unarmed           ||    12
       Tailslap          ||     4
       Punch             ||     1
       Staff             ||    18
 Cast: Foxfire           ||    43
  Use: Potion            ||     3
Armor: Skin              ||    20
Dodge: Dodged            ||    46

Table legend: (Time is in decaauts)
 A = Elapsed time spent in this place.
 B = Non-inter-level travel time spent in this place.
 C = Inter-level travel time spent in this place.
 D = Time resting spent in this place.
 E = Time spent auto-exploring this place.
 F = Levels seen in this place.
 G = Mean time per level.
                   A        B        C        D        E       F      G
               +--------+--------+--------+--------+--------+-----+--------+
         Total |    921 |    921 |      0 |      0 |    654 |   2 |  460.5 |
       Dungeon |    921 |    921 |      0 |      0 |    654 |   2 |  460.5 |
               +--------+--------+--------+--------+--------+-----+--------+

Top non-repeatable levels by time:
     D:1: 744 daAuts
     D:2: 176 daAuts
